cohdb
Replays
Latest Replays
All Replays
Popular Replays
Top Player Replays
Match Explorer
How It Works
Community
CoH3 Stats
Reddit
Sign in to upload your games and track your stats! →
Sign in with Steam
Match 45445055
Unlisted
Match 45445055
Overview
Messages
Build Orders
End
Kradschützen Motorcycle Team
Panzerpioneer Squad
Selects Italian Infantry
Panzerpioneer Squad
250 Light Carrier
Construct Light Support Kompanie
Combat Half-tracks
MG34 Team
Panzerjäger Squad
Construct Mechanized Kompanie
Selects Guastatori Squad
8 Rad Armored Car
Guastatori Squad
Vehicle Survival Package
254 Reconnaissance Tractor
Selects L6/40 Light Tank Combat Group
Selects Towed Cannone da 105/28 Field Howitzer
8 Rad Armored Car
Towed Cannone da 105/28 Field Howitzer
Selects Defensive Operations
Construct Panzerarmee Kommand
250 Light Carrier
Panzer III L Medium Tank
Tungsten Core Ammunition
(502) Bad Gateway
Banzaillamas
0
0
Comments
sign in to comment!
No comments posted yet!